 Seeded DCSS version 0.28.0-43-g3370ac3207 (webtiles) character file.

Game seed: 7121082916606783627 (custom seed)

162 gzilladon the Chopper (level 5, -11/47 HPs)
             Began as a Hill Orc Monk on Mar 30, 2022.
             Was a Believer of Beogh.
             Engulfed by a cloud of flame (16 damage)
             ... on level 3 of the Dungeon.
             The game lasted 00:06:37 (1724 turns).

gzilladon the Chopper (Hill Orc Monk)               Turns: 1724, Time: 00:06:38

Health: -11/47     AC:  8    Str: 16    XL:     5   Next: 43%
Magic:  1/6        EV:  7    Int: 10    God:    Beogh [**....]
Gold:   128        SH:  0    Dex: 13    Spells: 4/4 levels left

rFire   . . .      SeeInvis +   a - +0 hand axe
rCold   . . .      Faith    .   (no shield)
rNeg    . . .      Spirit   .   m - +0 chain mail
rPois   .          Reflect  .   (no helmet)
rElec   .          Harm     .   (no cloak)
rCorr   .          Rampage  .   (no gloves)
Will    .....                   (no boots)
Stlth   ..........              (no amulet)
HPRegen 0.15/turn               k - ring of see invisible
MPRegen 0.10/turn               (no ring)

@: no status effects
A: no striking features
a: Renounce Religion, Smiting


You were on level 3 of the Dungeon.
You worshipped Beogh.
Beogh was pleased with you.
You visited 1 branch of the dungeon, and saw 3 of its levels.

You collected 128 gold pieces.

Inventory:

Hand Weapons
 a - a +0 hand axe (weapon)
Missiles
 g - 7 poisoned darts (quivered)
Armour
 b - a +0 robe
 c - a +0 leather armour
 e - a +0 ring mail
 m - a +0 chain mail (worn)
Jewellery
 k - a ring of see invisible (left hand)
Scrolls
 d - a scroll of immolation
 f - a scroll of teleportation
 h - a scroll of torment
 l - a scroll of blinking
Potions
 i - a potion of curing {unknown}
 j - a potion of attraction


   Skills:
 + Level 4.4 Fighting
 * Level 6.4 Axes
 + Level 0.1 Throwing
 + Level 2.0 Armour
 - Level 2.4 Dodging
 - Level 1.5 Stealth
 * Level 1.6 Invocations


You had 4 spell levels left.
You didn't know any spells.
Your spell library contained the following spells:

 Spells                   Type           Power      Damage    Failure   Level
 Conjure Flame            Conj/Fire      0%         6-21      100%        3
 Ignite Poison            Fire/Tmut/Pois 0%         N/A       100%        3
 Sticky Flame             Conj/Fire      0%         2d3       100%        4


Dungeon Overview and Level Annotations

Branches:
Dungeon (3/15)

Altars:

Shops:
D:1 *


Message History

The goblin hits you but does no damage.
You slash the goblin!
You kill the goblin!
Beogh accepts your kill.
Throw: 8 darts (poison)
Press: ? - help, Q - select action, (/) - cycle Shift-Dir - straight line, f - ice beast
Aim: an ice beast (59% to hit)
You throw a poisoned dart. The poisoned dart hits the ice beast.
Aiming: Smiting
Press: ? - help, Dir - move target, f/p - ice beast Smite: an ice beast You smite the ice beast!
The ice beast is heavily wounded.
The ice beast hits you. The ice beast freezes you!
As you read the scroll of immolation, it crumbles to dust.
The creatures around you are filled with an inner flame!
The ice beast hits you but does no damage.
You hit the ice beast but do no damage.
The ice beast is heavily wounded.
The ice beast hits you but does no damage.
You hit the ice beast.
Flame seeps out of the ice beast.
The ice beast is heavily wounded.
The ice beast is engulfed in blazing flames.
Flame seeps out of the ice beast.
The ice beast hits you but does no damage.
You hit the ice beast but do no damage.
The ice beast is almost dead.
The ice beast is engulfed in blazing flames.
Beogh accepts your kill.
The ice beast explodes!
The fiery explosion engulfs you!!
Ouch! That really hurt!
* * * LOW HITPOINT WARNING * * *
You hear a shout!
Your Axes skill increases to level 6!
Your Armour skill increases to level 2!
Your Invocations skill increases to level 1!
You have reached level 5!
You feel stronger.
You are engulfed in blazing flames.
You die...

#....## ### . +....+. ..
. #....#. ..###. #....#.
# #.#......# #....#.
#.#.#.#....# ...#.
#.#.#.#....# #.##
#..§§§#....### #...
..##.#(@§#......# #.##
......§§§#......# #.##
#.####.....#....#####.##
#.......................
#####...................
###.##.#############
#.##.# #.##.. #.....#


There were no monsters in sight!

Vanquished Creatures
  An ice beast (D:3)
  An adder (D:2)
  2 worms (D:2)
  A dart slug (D:2)
  An orc (D:2)
  5 ball pythons (D:2)
  4 endoplasms
  A giant cockroach (D:1)
  5 goblins
  5 hobgoblins
  6 quokkas
  2 bats (D:1)
  A frilled lizard (D:3)
  2 kobolds
  A rat (D:1)
38 creatures vanquished.

Vanquished Creatures (collateral kills)
  An adder (D:2)
1 creature vanquished.

Vanquished Creatures (others)
  2 orcs (D:3)
  A goblin (D:3)
  7 toadstools (D:3)
10 creatures vanquished.

Grand Total: 49 creatures vanquished

Notes
Turn   | Place    | Note
-------+----------+-------------------------------------------
     0 | D:1      | gzilladon the Hill Orc Monk began the quest for the Orb.
     0 | D:1      | Reached XP level 1. HP: 19/19 MP: 1/1
    79 | D:3      | Noticed an orc priest
    79 | D:3      | Noticed an orc priest
    79 | D:3      | Noticed an orc priest
    80 | D:3      | Became a worshipper of Beogh the Brigand
    80 | D:3      | Reached * piety under Beogh
    80 | D:3      | Reached ** piety under Beogh
   162 | D:2      | Reached XP level 2. HP: 13/27 MP: 2/2
   660 | D:1      | Found Rirorouf's Assorted Antiques.
   692 | D:1      | Reached skill level 5 in Axes
   692 | D:1      | Reached XP level 3. HP: 26/33 MP: 3/3
  1395 | D:2      | Reached skill level 1 in Armour
  1395 | D:2      | Reached XP level 4. HP: 34/40 MP: 4/4
  1713 | D:3      | Noticed an ice beast
  1723 | D:3      | Killed an ice beast
  1724 | D:3      | Reached skill level 6 in Axes
  1724 | D:3      | Reached skill level 1 in Invocations
  1724 | D:3      | Reached XP level 5. HP: 5/47 MP: 1/6
  1724 | D:3      | Engulfed by a cloud of flame

Illustrated notes

Levels and vault maps discovered:
D:1:      minmay_arrival_plants_in_alcoves, layout_rooms, serial_shops, shop,
          chequers_serial_rivers_large_b
D:2:      layout_rooms, hellmonk_ecumenical_altar_leap_of_faith,
          minmay_door_square, nicolae_concentric_dashed_squares_mild
D:3:      cheibrodos_fertilizer, layout_basic, lemuel_tele_altar,
          lemuel_zombie_altar_yredelemnul, serial_shops,
          nicolae_shop_behind_doors, serial_rivers,
          chequers_serial_rivers_small_a, chequers_serial_rivers_micro_c,
          chequers_serial_rivers_room_a, chequers_serial_rivers_micro_e,
          chequers_serial_rivers_small_a, kennysheep_generic_room_9

Skill      XL: |  1  2  3  4 |
---------------+-------------+-----
Fighting       | 4 |  4.4
Axes           | 5 6 |  6.4
Armour         | 1 2 |  2.0
Invocations    | 1 |  1.6
Throwing       | |  0.1
Dodging        | |  2.4
Stealth        | |  1.5

Action                   |  1- 3 |  4- 6 || total
-------------------------+-------+-------++-------
Melee: Hand axe          |    81 |    21 ||   102
       Punch             |     1 |       ||     1
Throw: Dart              |     1 |     1 ||     2
Invok: Convert to Beogh  |     1 |       ||     1
       Smiting           |       |     1 ||     1
  Use: Scroll            |     2 |     5 ||     7
Armor: Leather armour    |    11 |       ||    11
       Ring mail         |    13 |       ||    13
       Chain mail        |     2 |    12 ||    14
Dodge: Dodged            |    45 |     4 ||    49
